 Dungeon Crawl Stone Soup version 0.30.0-19-g36f170ea60 (webtiles) character file.

Game seed: 1531715848965309627

165 cheesebisquit the Caller (level 5, -3/35 HPs)
             Began as a Barachi Summoner on May 26, 2023.
             Succumbed to a kobold brigand's curare-tipped dart
             ... in a sewer.
             The game lasted 00:14:54 (2695 turns).

cheesebisquit the Caller (Barachi Summoner)         Turns: 2695, Time: 00:14:55

Health: -3/35      AC:  3    Str: 10    XL:     5   Next: 46%
Magic:  9/11       EV: 12    Int: 17    God:
Gold:   54         SH:  0    Dex: 12    Spells: 6/12 levels left

rFire   . . .        (no weapon)
rCold   . . .        (no shield)
rNeg    . . .        a - +0 robe
rPois   .            (no helmet)
rElec   .            (no cloak)
rCorr   .            (no gloves)
SInv    +            p - +0 pair of boots
Will    .....        j - amulet of the acrobat
Stlth   ++           m - ring of see invisible
HPRegen 0.25/turn    (no ring)
MPRegen 0.12/turn

%: acrobat
@: lethally poisoned (-3 -> -20), slowed, studying Short Blades, invisible, very
slow
A: amphibious, slowness 1, strong legs 1, +LOS
a: Hop


You were in a sewer.
You visited 1 branch of the dungeon, and saw 3 of its levels.
You also visited: Sewer.

You collected 54 gold pieces.

Inventory:

Hand Weapons
 g - a +0 spear
Armour
 a - a +0 robe (worn)
 n - the +0 plate armour "Erphaota" {Rampage rC+ Str-5 Int+4}
   (You found it on level 2 of the Dungeon)

   Str:       It affects your strength (-5).
   Int:       It affects your intelligence (+4).
   rC:        It protects you from cold.
   Rampage:   It bestows one free step when moving towards enemies.
 p - a +0 pair of boots (worn)
Jewellery
 j - an amulet of the acrobat (around neck)
 m - a ring of see invisible (left hand)
Scrolls
 c - a scroll of immolation
 e - a scroll of fog {unknown}
 i - a scroll of magic mapping {unknown}
 l - 2 scrolls of identify {unknown}
 q - a scroll of blinking {unknown}
 s - 2 scrolls of teleportation
 v - a scroll of silence {unknown}
 w - a scroll of brand weapon {unknown}
 x - a scroll of enchant armour {unknown}
Potions
 b - 3 potions of magic
 d - a potion of lignification {unknown}
 f - a potion of invisibility
 h - 2 potions of curing {unknown}
 k - a potion of degeneration {unknown}
 o - 2 potions of flight {unknown}
 r - a potion of mutation {unknown}
 t - a potion of heal wounds {unknown}
 u - a potion of attraction {unknown}


   Skills:
 - Level 2.1 Dodging
 - Level 1.7 Stealth
 + Level 4.2 Spellcasting
 + Level 6.5 Summonings


You had 6 spell levels left.
You knew the following spells:

 Your Spells              Type           Power      Damage    Failure   Level
a - Summon Small Mammal   Summ           100%       N/A       1%          1
b - Call Imp              Summ           50%        N/A       1%          2
c - Call Canine Familiar  Summ           25%        N/A       3%          3

Your spell library contained the following spells:

 Spells                   Type           Power      Damage    Failure   Level
 Summon Guardian Golem    Hex/Summ       14%        N/A       12%         3
 Summon Lightning Spire   Summ/Air       14%        N/A       36%         4


Dungeon Overview and Level Annotations

Branches:
Dungeon (3/15)              Sewer (1/1)

Altars:


Innate Abilities, Weirdness & Mutations

You are amphibious.
You cover ground slowly.
You can hop short distances.
You have an extended range of vision and can be seen from far away.


Message History

You enter the shallow water.
You see here a ball python corpse.
You enter the shallow water.
Your hound disappears in a puff of smoke!
You see here a ball python corpse.
You enter the shallow water.
You enter the shallow water.
Your cerulean imp disappears in a puff of smoke!
You enter the shallow water.
You enter the shallow water.
You enter the shallow water.
You enter the shallow water.
You enter the shallow water.
A kobold brigand comes into view.
It is wielding a +0 short sword and quivering curare-tipped darts.
The kobold brigand shouts!
The kobold brigand throws a curare-tipped dart.
The curare-tipped dart hits you.
You are poisoned.
You have difficulty breathing.
You feel yourself slow down.
A kobold brigand comes into view.
It is wielding a +0 short sword and quivering poisoned darts.
You feel very sick.
Casting: Summon Small Mammal (safe; 1% risk of failure)
Confirm with . or Enter, or press ? or * to list all spells.
A tiny devil pulls itself out of the air.
You feel sick.
The kobold brigand throws a curare-tipped dart.
The curare-tipped dart hits you.
You are lethally poisoned!
You have difficulty breathing.
* * * LOW HITPOINT WARNING * * *
You feel as though you will be slow longer.
Okay, then.
As you read the scroll labelled IFAJIGOGGY, it crumbles to dust.
The creatures around you are filled with an inner flame!
It was a scroll of immolation.
* * * LOW HITPOINT WARNING * * *
You feel extremely sick.
It was a potion of invisibility.
You fade into invisibility!
You die...

~.# ~##### ~~..####
~~~~####### .~~~~.~~
#.~~..~~## #.~~~~~ ##
#~~~~~~~~# #~.~~.
.~~~~###5~~.~...####...~.
#K~~.@####~.~.##~~~.~~
.~~K.##### ##~.~~~.~.~~.
### ##.~~...~~..
#~~.~.~~... #~~~.~..∩.∩
#.......... #######
##~~~....~.~ #.~~~~#####
##..~..~.~.~.
#####.~†..####.~~~##~~~.~~


You could see 2 kobold brigands and a friendly cerulean imp (summoned, inner
flame).

Vanquished Creatures
  A jackal (D:1)
1 creature vanquished.

Vanquished Creatures (collateral kills)
  A kobold brigand (Sewer)
  A river rat (Sewer)
  2 adders
  2 dart slugs
  3 worms (Sewer)
  5 ball pythons
  10 endoplasms
  A giant cockroach (D:1)
  3 goblins
  5 hobgoblins
  A jackal (D:1)
  4 bats
  3 frilled lizards
  4 kobolds
  8 rats
53 creatures vanquished.

Grand Total: 54 creatures vanquished

Notes
Turn   | Place    | Note
-------+----------+-------------------------------------------
     0 | D:1      | cheesebisquit the Barachi Summoner began the quest for the
                  | Orb.
     0 | D:1      | Reached XP level 1. HP: 13/13 MP: 3/3
   276 | D:1      | Reached skill level 5 in Summonings
   339 | D:1      | Reached XP level 2. HP: 19/19 MP: 1/5
  1159 | D:2      | Reached XP level 3. HP: 24/24 MP: 5/7
  1205 | D:2      | Learned a level 2 spell: Call Imp
  1209 | D:2      | Learned a level 3 spell: Call Canine Familiar
  1319 | D:2      | Identified the +0 plate armour "Erphaota" {Rampage rC+
                  | Str-5 Int+4}
  1899 | D:3      | Found a glowing drain.
  1924 | Sewer    | Entered a sewer
  2043 | Sewer    | Reached XP level 4. HP: 30/30 MP: 0/9
  2306 | Sewer    | Noticed a kobold brigand
  2354 | Sewer    | Killed a kobold brigand
  2355 | Sewer    | Reached skill level 6 in Summonings
  2355 | Sewer    | Reached XP level 5. HP: 35/35 MP: 7/11
  2691 | Sewer    | Noticed a kobold brigand
  2692 | Sewer    | Noticed a kobold brigand
  2695 | Sewer    | Succumbed to a kobold brigand's curare-tipped dart

Illustrated notes

Levels and vault maps discovered:
D:1:      eino_arrival_water_star, layout_loops_ring
D:2:      layout_rooms
D:3:      layout_basic, tso_oasis_becter, dancing_weapons_uskayaw,
          portal_sewer_entry_d
Sewer:    sewer_co_tree

Skill      XL: |  1  2  3  4 |
---------------+-------------+-----
Summonings     | 5 6 |  6.5
Spellcasting   | 3 4 |  4.2
Dodging        | |  2.1
Stealth        | |  1.7

Action                     |  1- 3 |  4- 6 || total
---------------------------+-------+-------++-------
  Melee: Unarmed           |    27 |       ||    27
   Cast: Summon Small Mamm |    62 |    16 ||    78
         Call Imp          |     8 |     6 ||    14
         Call Canine Famil |     6 |     7 ||    13
    Use: Scroll            |     1 |     1 ||     2
         Potion            |       |     2 ||     2
   Stab: Distracted        |     1 |       ||     1
 Armour: Robe              |     6 |     1 ||     7
  Dodge: Dodged            |    42 |     4 ||    46
